 Dungeon Crawl Stone Soup version 0.29-a0-1009-g60c99734e7 (webtiles) character file.

Game seed: 9203553888869104691

32 lesbiats the Conjurer (level 3, 14/14 HPs)
             Began as a Felid Conjurer on July 25, 2022.
             Quit the game on level 2 of the Dungeon on Aug 9, 2022.
             The game lasted 00:10:46 (2845 turns).

lesbiats the Conjurer (Felid Conjurer)              Turns: 2845, Time: 00:10:46

Health: 14/14      AC:  1    Str:  3    XL:     3   Next: 8%
Magic:  7/7        EV: 17    Int: 21    God:
Gold:   93         SH:  0    Dex: 14    Spells: 4/7 levels left
                                        Lives:  0   Deaths: 1

rFire   . . .      SeeInvis +   (weapon unavailable)
rCold   . . .      Faith    .   (shield unavailable)
rNeg    . . .      Spirit   .   (body armour unavailable)
rPois   .          Reflect  .   (helmet unavailable)
rElec   .          Harm     .   (cloak unavailable)
rCorr   .          Rampage  .   (gloves unavailable)
Will    .....                   (boots unavailable)
Stlth   ++........              (no amulet)
HPRegen 0.04/turn               (no ring)
MPRegen 0.10/turn               (no ring)

@: quick
A: very small, claws 1, fangs 3, see invisible, speed 1, shaggy fur 1, stealthy
paws, no weapons or thrown items, no armour, multi-lived
a: no special abilities


You were on level 2 of the Dungeon.
You visited 1 branch of the dungeon, and saw 3 of its levels.

You collected 93 gold pieces.

Inventory:

Missiles
 f - 11 poisoned darts
Jewellery
 h - a ring of fire
Scrolls
 b - 3 scrolls of identify {unknown}
 d - a scroll of vulnerability {unknown}
 i - a scroll of blinking {unknown}
Potions
 a - a potion of magic
 c - a potion of might {unknown}
 e - a potion of curing {unknown}
 g - a potion of heal wounds {unknown}
 j - a potion of invisibility {unknown}


   Skills:
 + Level 3.5 Dodging
 + Level 3.7 Stealth
 + Level 2.5 Spellcasting
 * Level 4.3 Conjurations


You had 4 spell levels left.
You knew the following spells:

 Your Spells              Type           Power      Damage    Failure   Level
a - Magic Dart            Conj           80%        1d7       2%          1
b - Searing Ray           Conj           40%        2d5       3%          2

Your spell library contained the following spells:

 Spells                   Type           Power      Damage    Failure   Level
 Dazzling Flash           Conj/Hex       22%        N/A       17%         3
 Gell's Gravitas          Tloc           2%         N/A       38%         3
 Teleport Other           Tloc           2%         N/A       38%         3
 Fulminant Prism          Conj/Hex       5%         3d7       50%         4
 Iskenderun's Mystic Bla  Conj/Tloc      11%        2d4       50%         4
 Summon Lightning Spire   Summ/Air       2%         N/A       80%         4
 Manifold Assault         Tloc           2%         N/A       98%         5


Dungeon Overview and Level Annotations

Branches:
Dungeon (3/15)

Altars:
Cheibriados

Shops:
D:1 [


Innate Abilities, Weirdness & Mutations

You have sharp claws.
You have razor-sharp teeth.
You have supernaturally acute eyesight. (SInv)
You cover ground quickly. (Speed+)
You are covered in fur. (AC +1)
Your paws help you pounce on unaware monsters.
You are incapable of wielding weapons or throwing items.
You cannot wear armour.
You gain extra lives every three experience levels.


Message History

There is a stone staircase leading up here.
The jackal closely misses you. The adder bites you.
You are poisoned.
The adder poisons you! The jackal closely misses you.
You climb upwards.
You feel sick.
There is a stone staircase leading down here.
You scratch the jackal but do no damage.
The jackal is severely wounded.
You feel sick. The jackal barely misses you. The adder completely misses you.
The jackal bites you.
* * * LOW HITPOINT WARNING * * *
You closely miss the adder.
You feel sick.
You are no longer poisoned.
The adder barely misses you. The jackal closely misses you.
The adder closely misses you.
You closely miss the jackal.
The jackal is severely wounded.
The jackal misses you. The adder closely misses you.
Aiming: Magic Dart (safe; 2% risk of failure)
Press: ? - help, Q - select action, (/) - cycle Shift-Dir - straight line, f - jackal
Aim: a jackal (severely wounded, 100% to hit)
The magic dart hits the jackal.
You kill the jackal!
The adder bites you.
* * * LOW HITPOINT WARNING * * *
The adder misses you. The adder attacks as you move away! The adder misses you.
The adder barely misses you. The adder attacks as you move away!
The adder misses you. The adder attacks as you move away! The adder misses you.
The adder attacks as you move away! The adder bites you.
* * * LOW HITPOINT WARNING * * *
You are lethally poisoned!
The adder poisons you!
You die...
You feel sick.
You are now level 3!
You rejoin the land of the living...
Unknown command.
Are you sure you want to abandon this character and quit the game? (Confirm with "yes".)

#####.##.......#.........#
#.##.......##...######
#.##.......###.##
##.##.......# #.#
#.......##### #.#
#..####.##### #.#
#..####.....# #.#
#....##.###.###.#
#.##.##.#...@...#
#.......#.#.#####
####......#.# ####.....#
#######


There were no monsters in sight!

Vanquished Creatures
  Jessica (D:2)
  An adder (D:2)
  2 dart slugs (D:1)
  4 ball pythons
  2 bats
  6 endoplasms
  A goblin (D:2)
  3 hobgoblins
  3 jackals
  4 kobolds
  3 quokkas
  A frilled lizard (D:2)
31 creatures vanquished.

Vanquished Creatures (others)
  4 plants (D:1)
4 creatures vanquished.

Grand Total: 35 creatures vanquished

Notes
Turn   | Place    | Note
-------+----------+-------------------------------------------
     0 | D:1      | lesbiats the Felid Conjurer began the quest for the Orb.
     0 | D:1      | Reached XP level 1. HP: 7/7 MP: 4/4
   405 | D:1      | Reached XP level 2. HP: 11/11 MP: 3/6
   511 | D:1      | Found Betar's Antique Armour Shoppe.
   965 | D:1      | Learned a level 2 spell: Searing Ray
  1290 | D:1      | Got Kioceips's Codex of Dimensional Beckoning
  1351 | D:1      | Found a faded altar of an unknown god.
  1832 | D:2      | Reached skill level 4 in Conjurations
  1950 | D:2      | Reached XP level 3. HP: 14/14 MP: 1/7
  2310 | D:2      | Noticed Jessica
  2316 | D:2      | Killed Jessica
  2317 | D:2      | Reached XP level 4. HP: 5/18 MP: 3/8
  2621 | D:3      | Noticed a necrophage
  2803 | D:3      | Upgraded the game from 0.29-a0-911-g88e6f02907 to
                  | 0.29-a0-1009-g60c99734e7
  2815 | D:3      | Found a snail-covered altar of Cheibriados.
  2844 | D:2      | Succumbed to an adder's poison
  2845 | D:2      | Reached XP level 3. HP: 0/14 MP: 1/7
  2845 | D:2      | Quit the game

Illustrated notes

Levels and vault maps discovered:
D:1:      minmay_arrival_solitary_statue, layout_basic, serial_forest,
          infiniplex_forest_lined_3, infiniplex_forest_lined_corner,
          infiniplex_forest_join, infiniplex_forest_lined_ring,
          infiniplex_forest_join, infiniplex_forest_clump_small,
          infiniplex_forest_lined_ring, infiniplex_forest_straight_1,
          infiniplex_forest_lined_4_way, shapermc_ecumenical_altar_venn,
          serial_shops, nicolae_shop_overgrown_old_shop, minmay_misc_feat_x,
          nrook_mini_backslash, minmay_strange_pillars,
          nicolae_figureground_pulse
D:2:      layout_loops_cross, uniq_jessica
D:3:      layout_rooms, overflow_temple_1_default, st_stairs_10,
          serial_bayou_pond_e, kennysheep_generic_room_5

Skill      XL: |  1  2 |
---------------+-------+-----
Stealth        | 3 |  3.7
Dodging        | 3 |  3.5
Conjurations   | 4 |  4.3
Spellcasting   | |  2.5

Action                   |  1- 3 |  4- 6 || total
-------------------------+-------+-------++-------
Melee: Unarmed           |    18 |     5 ||    23
       Bite              |     3 |       ||     3
       Punch             |     1 |     1 ||     2
 Cast: Magic Dart        |    55 |     8 ||    63
       Searing Ray       |     2 |     1 ||     3
 Stab: Sleeping          |     1 |       ||     1
Armor: Skin              |       |     1 ||     1
Dodge: Dodged            |     1 |    26 ||    27

Table legend: (Time is in decaauts)
 A = Elapsed time spent in this place.
 B = Non-inter-level travel time spent in this place.
 C = Inter-level travel time spent in this place.
 D = Time resting spent in this place.
 E = Time spent auto-exploring this place.
 F = Levels seen in this place.
 G = Mean time per level.
                   A        B        C        D        E       F      G
               +--------+--------+--------+--------+--------+-----+--------+
         Total |   2534 |   2455 |     79 |   1131 |   1082 |   3 |  844.7 |
       Dungeon |   2534 |   2455 |     79 |   1131 |   1082 |   3 |  844.7 |
               +--------+--------+--------+--------+--------+-----+--------+

Top non-repeatable levels by time:
     D:1: 1400 daAuts
     D:2: 968 daAuts
     D:3: 165 daAuts
